 Dungeon Crawl Stone Soup version 0.20.1-1-g8b1a95d (webtiles) character file.

46 Marthos the Magician (level 3, -2/24 HPs)
             Began as a Demonspawn Wizard on Dec 5, 2017.
             Slain by Sigmund
             ... wielding a +0 scythe
              (9 damage)
             ... on level 2 of the Dungeon.
             The game lasted 00:01:57 (1369 turns).

Marthos the Magician (Demonspawn Wizard)            Turns: 1369, Time: 00:01:58

Health: -2/24      AC:  2    Str:  7    XL:     3   Next: 44%
Magic:  7/8        EV: 12    Int: 20    God:
Gold:   71         SH:  0    Dex: 13    Spells: 8/9 levels left

rFire    . . .     SeeInvis .   i - +0 mace
rCold    . . .     Gourm    .   (no shield)
rNeg     . . .     Faith    .   a - +0 robe
rPois    .         Spirit   .   b - +0 hat
rElec    .         Reflect  .   (no cloak)
rCorr    .         Harm     .   (no gloves)
MR       .....                  (no boots)
Stlth    ..........             (no amulet)
Regen    0.1/turn               l - ring of loudness (curse)
MPRegen  0.2/turn               (no ring)

@: confused, flying, very slightly contaminated, invisible
A: thin skeletal structure 1, rot immunity
a: no special abilities


You were on level 2 of the Dungeon.
You were not hungry.

You visited 1 branch of the dungeon, and saw 2 of its levels.

You collected 71 gold pieces.

Inventory:

Hand Weapons
 i - a +0 mace (weapon)
Armour
 a - a +0 robe (worn)
 b - a +0 hat (worn)
Jewellery
 l - a cursed ring of loudness (left hand)
Scrolls
 g - a scroll of identify {unknown}
 j - a scroll of teleportation {unknown}
 o - a scroll of magic mapping {unknown}
 p - a scroll of fog {unknown}
Potions
 k - a potion of heal wounds {unknown}
Books
 c - a book of Minor Magic

   Spells                             Type                      Level
   a - Magic Dart                     Conjuration                  1
   b - Blink                          Translocation                2
   c - Call Imp                       Summoning                    2
   d - Slow                           Hexes                        2
   e - Conjure Flame                  Conjuration/Fire             3
   f - Mephitic Cloud                 Conjuration/Poison/Air       3
Comestibles
 d - 3 bread rations
 f - 4 fruits
 m - 5 chunks of flesh
 n - a meat ration


   Skills:
 + Level 2.0 Dodging
 + Level 2.0 Stealth
 * Level 3.5 Spellcasting
 * Level 2.2 Conjurations
   Level 1.0 Summonings
   Level 0.8 Translocations


You had 8 spell levels left.
You knew the following spells:

 Your Spells              Type           Power        Failure   Level  Hunger
a - Magic Dart            Conj           ##..         5%          1    None


Dungeon Overview and Level Annotations

Branches:
Dungeon (2/15)

Altars:

Annotations:
D:2 Sigmund


Innate Abilities, Weirdness & Mutations

You have a somewhat thin skeletal structure. (Dex +2, Stealth)
You are immune to rotting.


Message History

Found 2 fruits.
Sigmund barely misses you.
Sigmund points at you and mumbles some strange words.
You are more confused.
Sigmund barely misses you.
Things that are here:
a ring mail; a dagger Sigmund flickers, as though insubstantial.
Sigmund hits you with a scythe!
* * * LOW HITPOINT WARNING * * *
You closely miss Sigmund.
Sigmund is lightly wounded.
It was a potion of invisibility.
You fade into invisibility!
Sigmund misses you.
You are very lightly contaminated with residual magic.
It was a potion of flight.
You feel very buoyant.
You fly up into the air.
Sigmund hits you with a scythe!
You die...

#.## #.(#####
#..# #<.#
##.##...>..#
#.###..##.#
.######.####.##.#
.........###(...
.............##
####.##.[###.#
#.#.@.## ..
#.#.@..# #......#
###....#
#......§.≈
.........§≈.
...#........§.
#.#.##.>....... #
# #.#......%


You could see Sigmund.

Vanquished Creatures
  An adder (D:2)
  A worm (D:2)
  A dart slug (D:2)
  2 leopard geckos (D:1)
  4 goblins (D:1)
  4 hobgoblins
  4 jackals (D:1)
  3 bats
  A frilled lizard (D:1)
  6 kobolds
  2 rats
29 creatures vanquished.

Notes
Turn   | Place    | Note
-------+----------+-------------------------------------------
     0 | D:1      | Marthos the Demonspawn Wizard began the quest for the Orb.
     0 | D:1      | Reached XP level 1. HP: 13/13 MP: 4/4
   245 | D:1      | Gained mutation: You have a somewhat thin skeletal structure. (Dex +2, Stealth) [demonic ancestry]
   245 | D:1      | Reached XP level 2. HP: 19/19 MP: 3/6
  1040 | D:2      | Gained mutation: You are immune to rotting. [demonic ancestry]
  1040 | D:2      | Reached XP level 3. HP: 15/24 MP: 3/7
  1354 | D:2      | Noticed Sigmund
  1369 | D:2      | Slain by Sigmund

Skill      XL: |  1  2  3 |
---------------+----------+-----
Stealth        | 2 |  2.0
Dodging        | 2 |  2.0
Conjurations   | 2 |  2.2
Spellcasting   | |  3.5
Summonings     | |  1.0
Translocations | |  0.8

Action                   || total
-------------------------++-------
Melee: Mace              ||    33
 Cast: Magic Dart        ||    62
  Use: Potion            ||     2
  Eat: Chunk             ||     1
Armor: Robe              ||    12
Dodge: Dodged            ||    28
